 Dungeon Crawl Stone Soup version 0.30-a0-867-g305f33218d (webtiles) character file.

Game seed: 16333137685348236021

173 cheesebisquit the Ruffian (level 5, -2/47 HPs)
             Began as a Ghoul Monk on Mar 11, 2023.
             Slain by Blork the orc
             ... wielding a +0 long sword
              (4 damage)
             ... on level 4 of the Dungeon.
             The game lasted 00:09:54 (2941 turns).

cheesebisquit the Ruffian (Ghoul Monk)              Turns: 2941, Time: 00:09:54

Health: -2/47      AC:  3    Str: 17    XL:     5   Next: 53%
Magic:  4/4        EV: 12    Int:  5    God:
Gold:   135        SH:  0    Dex: 11    Spells: 4/4 levels left

rFire   . . .      SeeInvis .      - Unarmed
rCold   + . .      Faith    .    (no shield)
rNeg    + + +      Spirit   .    a - +0 robe
rPois   ∞          Reflect  .    (no helmet)
rElec   .          Rampage  .    (no cloak)
rCorr   .                        j - +0 pair of gloves
Will    .....                    (no boots)
Stlth   ++                       (no amulet)
HPRegen 0.00/turn                (no ring)
MPRegen 0.09/turn                (no ring)

@: flying, inhibited regen
A: claws 1, cold resistance 1, negative energy resistance 3, inhibited
regeneration, torment resistance 2, devour on kill
a: no special abilities


You were on level 4 of the Dungeon.
You visited 1 branch of the dungeon, and saw 4 of its levels.

You collected 234 gold pieces.
You spent 99 gold pieces at shops.

Inventory:

Armour
 a - a +0 robe (worn)
 f - a +0 ring mail
 g - a +0 scale mail
 j - a +0 pair of gloves (worn)
Jewellery
 o - a ring of wizardry
 t - a +6 ring of dexterity
Wands
 q - a wand of digging (7)
Scrolls
 c - 3 scrolls of identify {unknown}
 d - a scroll of immolation {unknown}
 h - a scroll of fear {unknown}
 i - a scroll of silence {unknown}
 k - a scroll of fog {unknown}
 l - 2 scrolls of vulnerability {unknown}
 m - a scroll of noise {unknown}
 n - a scroll of blinking {unknown}
 p - a scroll of poison {unknown}
 r - a scroll of brand weapon {unknown}
 v - a scroll of acquirement {unknown}
 w - 2 scrolls of teleportation {unknown}
 x - a scroll of amnesia {unknown}


   Skills:
 + Level 4.3 Fighting
 - Level 2.6 Dodging
 + Level 3.7 Stealth
 * Level 5.2 Unarmed Combat


You had 4 spell levels left.
You didn't know any spells.
Your spell library contained the following spells:

 Spells                   Type           Power      Damage    Failure   Level
 Magic Dart               Conj           0%         1d3       47%         1
 Call Imp                 Summ           0%         N/A       63%         2
 Ignite Poison            Fire/Tmut/Pois 0%         N/A       85%         3
 Mephitic Cloud           Conj/Pois/Air  0%         N/A       85%         3
 Airstrike                Air            0%         2d(0-16)  99%         4
 Sticky Flame             Conj/Fire      0%         2d3       99%         4
 Summon Lightning Spire   Summ/Air       0%         N/A       99%         4
 Lightning Bolt           Conj/Air       0%         1d11      100%        5
 Ignition                 Fire           0%         3d3       100%        8


Dungeon Overview and Level Annotations

Branches:
Dungeon (4/15)
 Temple: D:4-7

Altars:
Fedhas
Gozag
Hepliaklqana
Xom

Shops:
D:3 *:(!!

Annotations:
D:4 Blork the orc


Innate Abilities, Weirdness & Mutations

You are immune to poison.
You have sharp fingernails.
Your flesh is cold resistant. (rC+)
You are immune to negative energy. (rN+++)
You do not regenerate when monsters are visible.
You are immune to unholy pain and torment.
You thrive by killing the living.


Message History

You are confused.
You feel invigorated.
Blork the orc hits you with a +0 long sword.
* * * LOW HITPOINT WARNING * * *
You bump into the rock wall.
Blork the orc closely misses you.
Blork the orc hits you with a +0 long sword.
* * * LOW HITPOINT WARNING * * *
You hit Blork the orc but do no damage.
Blork the orc is moderately wounded.
Blork the orc hits you with a +0 long sword.
* * * LOW HITPOINT WARNING * * *
You're too confused to move!
Blork the orc barely misses you.
Blork the orc hits you with a +0 long sword!
* * * LOW HITPOINT WARNING * * *
You feel better.
You feel less invigorated.
Blork the orc hits you with a +0 long sword!
* * * LOW HITPOINT WARNING * * *
Okay, then.
You feel better.
Blork the orc hits you with a +0 long sword.
* * * LOW HITPOINT WARNING * * *
Blork the orc barely misses you.
You feel better.
Blork the orc hits you with a +0 long sword.
Okay, then.
You hit Blork the orc.
Blork the orc is heavily wounded.
Blork the orc hits you with a +0 long sword!
* * * LOW HITPOINT WARNING * * *
You barely miss Blork the orc.
Blork the orc is heavily wounded.
Blork the orc hits you with a +0 long sword!
* * * LOW HITPOINT WARNING * * *
Blork the orc completely misses you.
It was a potion of flight.
You feel very buoyant.
You fly up into the air.
Blork the orc closely misses you.
It was a potion of lignification.
You feel woody for a moment.
Blork the orc hits you with a +0 long sword.
You die...

###### #...o######
#.##.)....#
##.#######..# #..# ..#
#.## ...
#.############...
#######.##...o@......#
...........###########
#.#####.#### #......#
#.######......# #.
#..........<..## #
#.####.######....)..##
.# #....#.# #........#
#.# #...###
##...####.##..#
###.>.###.....###.#..#


You could see Blork the orc (fast).

Vanquished Creatures
  An orc priest (D:3)
  Jessica (D:3)
  3 gnolls (D:3)
  An ufetubus (D:4)
  4 worms
  A dart slug (D:3)
  7 orcs (D:3)
  3 ball pythons
  5 endoplasms
  3 giant cockroaches
  3 goblins
  4 hobgoblins
  7 jackals
  9 kobolds
  A quokka (D:3)
  3 bats
  A frilled lizard (D:1)
  6 rats
  A spectral kobold (D:3)
64 creatures vanquished.

Notes
Turn   | Place    | Note
-------+----------+-------------------------------------------
     0 | D:1      | cheesebisquit the Ghoul Monk began the quest for the Orb.
     0 | D:1      | Reached XP level 1. HP: 19/19 MP: 0/0
   135 | D:1      | Reached XP level 2. HP: 18/26 MP: 1/1
   923 | D:2      | Reached XP level 3. HP: 31/31 MP: 2/2
   933 | D:2      | Reached skill level 4 in Unarmed Combat
  1359 | D:2      | Found a faded altar of an unknown god.
  1616 | D:3      | Found an opulent altar of Gozag.
  1697 | D:3      | Found Mogu's Assorted Antiques.
  1730 | D:3      | Reached XP level 4. HP: 12/40 MP: 3/3
  1931 | D:3      | Found Keasu's Book Emporium.
  1931 | D:3      | Noticed Jessica
  1963 | D:3      | Killed Jessica
  1964 | D:3      | Reached skill level 5 in Unarmed Combat
  1964 | D:3      | Reached XP level 5. HP: 27/46 MP: 4/4
  2205 | D:3      | Found Gucwi's Distillery.
  2216 | D:3      | Bought a potion of curing for 33 gold pieces
  2216 | D:3      | Bought a potion of curing for 33 gold pieces
  2216 | D:3      | Bought a potion of curing for 33 gold pieces
  2412 | D:3      | Found a hazy altar of Hepliaklqana.
  2551 | D:3      | Found a shimmering altar of Xom.
  2552 | D:3      | Found a blossoming altar of Fedhas.
  2694 | D:3      | Found Suepusm's Weapon Shop.
  2702 | D:3      | Found Olleumas's Distillery.
  2760 | D:3      | Got Sif Muna's Quarto of the Volcano
  2903 | D:4      | Noticed Blork the orc
  2939 | D:4      | HP: 2/47 [Blork the orc/+0 long sword (10)]
  2941 | D:4      | Slain by Blork the orc

Illustrated notes

Levels and vault maps discovered:
D:1:      nicolae_arrival_memento_mori, layout_loops_ring
D:2:      layout_basic, hellmonk_ecumenical_altar_leap_of_faith, minmay_bisected
D:3:      cheibrodos_pilgrimage, layout_basic, minitemple,
          nicolae_gozag_cash_rules_everything_around_me,
          nicolae_hepliaklqana_monster_ancestors, serial_shops, shop,
          shop_fountains, shop, nicolae_shop_stone, nicolae_shop_statue_plus,
          uniq_jessica
D:4:      dreamdust_elfheim, layout_rooms, ebering_ghost_sewer_d,
          hangedman_minor_gate_pass, uniq_blork_the_orc

Skill      XL: |  1  2  3  4 |
---------------+-------------+-----
Unarmed Combat | 4 5 |  5.2
Stealth        | 3 |  3.7
Fighting       | 4 |  4.3
Dodging        | |  2.6

Action                     |  1- 3 |  4- 6 || total
---------------------------+-------+-------++-------
  Melee: Unarmed           |   110 |    95 ||   205
         Punch             |     2 |     3 ||     5
  Throw: Boomerang         |       |     3 ||     3
    Use: Potion            |       |     6 ||     6
   Stab: Sleeping          |     2 |     5 ||     7
 Armour: Robe              |    17 |     8 ||    25
  Dodge: Dodged            |    53 |    48 ||   101

Table legend: (Time is in decaauts)
 A = Elapsed time spent in this place.
 B = Non-inter-level travel time spent in this place.
 C = Inter-level travel time spent in this place.
 D = Time resting spent in this place.
 E = Time spent auto-exploring this place.
 F = Levels seen in this place.
 G = Mean time per level.
                   A        B        C        D        E       F      G
               +--------+--------+--------+--------+--------+-----+--------+
         Total |   2924 |   2787 |    137 |    169 |   2068 |   4 |  731.0 |
       Dungeon |   2924 |   2787 |    137 |    169 |   2068 |   4 |  731.0 |
               +--------+--------+--------+--------+--------+-----+--------+

Top non-repeatable levels by time:
     D:3: 1173 daAuts
     D:2: 841 daAuts
     D:1: 793 daAuts
     D:4: 116 daAuts
